 Dungeon Crawl Stone Soup version 0.26.0-15-gc6cd9f700b (webtiles) character file.

Game seed: 8693514018838658491

16461 EnegeticOcto the Thaumaturge (level 12, -2/91 HPs)
             Began as a Gnoll Venom Mage on Jan 16, 2021.
             Was a High Priest of Cheibriados.
             Slain by a five-headed hydra (10 damage)
             ... on level 3 of the Lair of Beasts.
             The game lasted 00:27:18 (3984 turns).

EnegeticOcto the Thaumaturge (Gnoll Venom Mage)     Turns: 3984, Time: 00:27:18

Health: -2/91      AC:  8    Str: 24    XL:     12   Next: 37%
Magic:  12/24      EV: 21    Int: 34    God:    Cheibriados [*****.]
Gold:   124        SH:  0    Dex: 27    Spells: 2/28 levels left

rFire    + . .     SeeInvis .   b - staff of earth
rCold    x . .     Faith    .   (no shield)
rNeg     . . .     Spirit   .   p - +1 leather armour {rF+}
rPois    +         Reflect  .   t - +2 hat
rElec    +         Harm     .   I - +0 cloak
rCorr    .         Rampage  .   (no gloves)
Will     ++...                  (no boots)
Stlth    ++++......             c - amulet of magic regeneration
HPRegen  0.25/turn              d - ring of willpower
MPRegen  0.44/turn              g - ring "Ufiysuiv" {rElec rPois rC- Will+}

@: very slow
A: distributed training, fangs 1, strong nose
a: Renounce Religion, Bend Time, Temporal Distortion, Slouch, Step From Time


You were on level 3 of the Lair of Beasts.
You worshipped Cheibriados.
Cheibriados was extremely pleased with you.
You visited 4 branches of the dungeon, and saw 15 of its levels.
You also visited: Ossuary.

You collected 994 gold pieces.
You spent 870 gold pieces at shops.

Inventory:

Hand Weapons
 a - a +7 vampiric rapier
   (You found it on level 2 of the Dungeon)
 f - a +0 hand axe
   (You found it on level 1 of the Dungeon)
 k - a +0 vampiric rapier
   (You found it on level 3 of the Dungeon)
 o - a +0 broad axe
   (You found it on level 4 of the Dungeon)
Missiles
 h - 25 boomerangs (quivered)
 m - 8 curare-tipped darts
Armour
 j - a +1 robe
 p - a +1 leather armour of fire resistance (worn)
   (You found it on level 4 of the Dungeon)
 q - a +0 helmet
   (You found it on level 5 of the Dungeon)
 s - a +0 robe of fire resistance
   (You found it on level 5 of the Dungeon)
 t - a +2 hat (worn)
   (You found it on level 5 of the Dungeon)
 E - a +0 leather armour
   (You found it on level 5 of the Dungeon)
 I - a +0 cloak (worn)
   (You took it off Crazy Yiuf on level 6 of the Dungeon)
Magical Staves
 b - an uncursed staff of earth (weapon)
   (You found it on level 5 of the Dungeon)
 F - an uncursed staff of air
   (You found it on level 9 of the Dungeon)
Jewellery
 c - an amulet of magic regeneration (around neck)
   (You bought it in a shop on level 2 of the Orcish Mines)
 d - a ring of willpower (left hand)
   (You found it on level 3 of the Dungeon)
 g - the ring "Ufiysuiv" (right hand) {rElec rPois rC- Will+}
   (You found it on level 3 of the Lair of Beasts)

   [ring of willpower]

   It makes you vulnerable to cold.
   It insulates you from electricity.
   It protects you from poison.
   It affects your willpower, your defense against some magical effects.
 n - an uncursed ring of ice
   (You found it on level 5 of the Dungeon)
Wands
 y - a wand of digging (2) {@v3}
   (You found it on level 6 of the Dungeon)
Scrolls
 r - 4 scrolls of enchant armour
 B - a scroll of remove curse {@r2}
Potions
 e - 2 potions of haste {@q4 !q}
 i - 3 potions of attraction
 l - 2 potions of flight
 u - a potion of mutation
 v - 3 potions of cancellation
 w - 2 potions of curing {@q1 !q}
 x - 2 potions of berserk rage {unknown}
 z - a potion of resistance {unknown}
 A - 8 potions of ambrosia {unknown}
 C - a potion of magic {unknown}
 H - a potion of lignification {unknown}
Miscellaneous
 D - a box of beasts
   (You found it on level 9 of the Dungeon)


   Skills:
 + Level 7.2 Fighting
 + Level 7.2 Short Blades
 + Level 7.2 Long Blades
 + Level 7.2 Axes
 + Level 7.2 Maces & Flails
 + Level 7.2 Polearms
 + Level 7.2 Staves
 + Level 7.2 Slings
 + Level 7.2 Bows
 + Level 7.2 Crossbows
 + Level 7.2 Throwing
 + Level 7.2 Armour
 + Level 8.6 Dodging
 + Level 8.4 Stealth
 + Level 7.2 Shields
 + Level 7.2 Unarmed Combat
 + Level 8.9 Spellcasting
 + Level 6.0 Conjurations
 + Level 6.0 Hexes
 + Level 6.0 Summonings
 + Level 6.0 Necromancy
 + Level 6.0 Translocations
 + Level 6.4 Transmutations
 + Level 6.0 Fire Magic
 + Level 6.0 Ice Magic
 + Level 6.0 Air Magic
 + Level 6.0 Earth Magic
 + Level 8.2 Poison Magic
 + Level 7.9 Invocations
 + Level 7.2 Evocations


You had 2 spell levels left.
You knew the following spells:

 Your Spells              Type           Power        Failure   Level
a - Petrify               Tmut/Erth      72%          2%          4
b - Poisonous Vapours     Pois/Air       100%         1%          2
c - Mephitic Cloud        Conj/Pois/Air  57%          1%          3
d - Olgreb's Toxic Radia  Pois           63%          1%          4
e - Ignite Poison         Fire/Tmut/Pois 58%          1%          3
f - Stone Arrow           Conj/Erth      100%         1%          3
g - Lee's Rapid Deconstr  Erth           35%          8%          5
p - Passwall              Tmut/Erth      60%          1%          2

Your spell library contained the following spells:

 Spells                   Type           Power        Failure   Level
 Sandblast                Erth           100%         1%          1
 Sting                    Tmut/Pois      100%         1%          1


Dungeon Overview and Level Annotations

Branches:
Dungeon (9/15)             Temple (1/1) D:7            Lair (3/6) D:9
  Snake (0/4) Lair:3          Orc (2/2) D:9             Elf (0/3) Orc:2
Ossuary (visited)
  Swamp: Lair:2-4    Shoals: Lair:2-4

Altars:
Cheibriados
Fedhas
Gozag
Hepliaklqana
Nemelex Xobeh
Trog
Xom
Zin
The Shining One
Beogh

Shops:
D:7 (   Orc:2 (=*:

Annotations:
D:6 1 runed translucent door, Mattiprrivan's ghost, novice DENe
Orc:2 2 transporters, Exporg's ghost, journeyman FoFi


Innate Abilities, Weirdness & Mutations

Your experience applies equally to all skills.
You have very sharp teeth.
Your uncanny sense of smell can sniff out nearby items.


Message History

The naga is almost dead.
The naga misses you. The naga constricts you.
You hit the naga.
You kill the naga!
Cheibriados appreciates the change of pace.
You feel sick.
You see here a +0 short sword.
You feel sick.
Found a staircase to the Snake Pit.
A naga comes into view. It is wielding a +0 halberd.
You feel sick.
The naga shouts!
Found a scroll of magic mapping.
You enter the shallow water.
Moving in this stuff is going to be slow.
You feel sick. The naga spits poison at you. The splash of poison misses you.
You feel sick.
The naga hits you from afar with a +0 halberd!
Found a dented lapis lazuli amulet.
You see here a scroll of enchant armour.
r - 4 scrolls of enchant armour (gained 1)
The naga closely misses you.
Casting: Olgreb's Toxic Radiance (mildly dangerous; 1% risk of failure)
Confirm with . or Enter, or press ? or * to list all spells.
Aiming: Petrify (dangerous; 2% risk of failure)
Press: ? - help, Shift-Dir - straight line, f - naga
Aim: a naga, wielding a +0 halberd (catching its breath, chance to affect: 58%)
The naga is moving more slowly.
You enter the shallow water.
Moving in this stuff is going to be slow.
You feel sick. The naga closely misses you. The naga grabs you.
The naga constricts you. The naga hits you but does no damage.
The naga constricts you. The naga hits you with a +0 halberd!
* * * LOW HITPOINT WARNING * * *
x2 The naga constricts you.
You catch the helpless naga completely off-guard!
You impale the naga!!
The naga is heavily wounded.
You puncture the naga!
You feel better.
The naga is severely wounded.
The naga stops moving altogether!
The naga constricts you.
Your unstable footing causes you to fumble your attack.
Your unstable footing causes you to fumble your attack.
You feel sick. The naga constricts you.
Your unstable footing causes you to fumble your attack.
* * * LOW HITPOINT WARNING * * *
The naga constricts you.
The helpless naga fails to defend itself.
You stick the naga like a pincushion!!!!
You kill the naga!
You hear a splash.
You feel sick.
Found 16 gold pieces.
You see here a dagger.
A five-headed hydra comes into view.
You feel sick.
You see here a scroll of magic mapping {@r5 !r}.
Casting: Petrify (dangerous; 2% risk of failure)
Confirm with . or Enter, or press ? or * to list all spells.
Aiming: Petrify (dangerous; 2% risk of failure)
Press: ? - help, Shift-Dir - straight line, f - five-headed hydra
Aim: a five-headed hydra (wandering, hasn't noticed you, chance to affect: 40%)
The five-headed hydra roars!
The five-headed hydra resists with some effort.
You feel the dreadful sensation subside.
b - an uncursed staff of earth (weapon)
Casting: Petrify (dangerous; 2% risk of failure)
Confirm with . or Enter, or press ? or * to list all spells.
Aiming: Petrify (dangerous; 2% risk of failure)
Press: ? - help, Shift-Dir - straight line, f/p - five-headed hydra
Aim: a five-headed hydra (chance to affect: 49%)
You feel a surge of power!
The five-headed hydra resists with some effort.
You feel sick.
Casting: Petrify (dangerous; 2% risk of failure)
Confirm with . or Enter, or press ? or * to list all spells.
Aiming: Petrify (dangerous; 2% risk of failure)
Press: ? - help, Shift-Dir - straight line, f/p - five-headed hydra
Aim: a five-headed hydra (chance to affect: 49%)
You feel a surge of power!
The five-headed hydra resists with some effort.
Casting: Petrify (dangerous; 2% risk of failure)
Confirm with . or Enter, or press ? or * to list all spells.
Aiming: Petrify (dangerous; 2% risk of failure)
Press: ? - help, Shift-Dir - straight line, f/p - five-headed hydra
Aim: a five-headed hydra (chance to affect: 49%)
You feel a surge of power!
The five-headed hydra is moving more slowly.
The five-headed hydra completely misses you. x2
The five-headed hydra misses you. The five-headed hydra bites you!
* * * LOW HITPOINT WARNING * * *
The five-headed hydra bites you!
* * * LOW HITPOINT WARNING * * *
Really quaff
w - 3 potions of curing {@q1 !q}?
You feel better. The five-headed hydra bites you.
* * * LOW HITPOINT WARNING * * *
The five-headed hydra bites you!
You die...

†.....†....≈≈P≈.....≈≈
...†.†.###.≈≈≈....≈≈≈≈#
#.+##### ##≈≈≈)...≈≈≈.#
#..# ##.≈≈≈≈≈≈≈P. #...#
#P.)≈≈≈≈≈.# ..##
##.....P≈## ..
.###.+.#...#.##
...............#
...#.....D@....+
.P.............#
$.##......".....# .
##.####P..#P## ## #####
#


You could see a five-headed hydra (petrifying).

Vanquished Creatures
  3 orc high priests (Orc:2)
  4 orc knights
  Pikel (D:6)
  4 orc sorcerers (Orc:2)
  A manticore (Lair:3)
  2 cane toads (Lair:3)
  2 komodo dragons (D:9)
  A rime drake (Lair:3)
  2 trolls
  A queen bee (Lair:3)
  Grinder (D:6)
  A wind drake (Lair:3)
  Prince Ribbit (D:7)
  2 yaks (D:9)
  A wyvern (D:9)
  A wraith (Ossuary)
  Eustachio (D:4)
  2 nagas (Lair:3)
  3 wargs
  5 water moccasins
  An ice beast (D:9)
  19 orc warriors
  6 ogres
  2 sky beasts
  2 phantoms
  A black bear (D:9)
  A centaur (D:8)
  2 lemures
  Blork the orc (D:4)
  A big kobold (D:9)
  4 bullfrogs
  4 scorpions
  24 killer bees (Lair:3)
  A howler monkey (D:6)
  3 hounds
  2 jellies
  15 orc wizards
  Crazy Yiuf (D:6)
  13 orc priests
  Natasha (thrice) (D:4)
  A worker ant (D:7)
  A hound skeleton (D:8)
  A mummy (Ossuary)
  5 adders
  4 gnolls (Orc:2)
  4 shadow imps
  An ufetubus (D:7)
  3 adder skeletons
  A dart slug (D:4)
  4 leopard geckos
  52 orcs
  4 bats
  3 giant cockroaches
  3 goblins
  6 hobgoblins
  4 jackals (D:5)
  2 quokkas
  3 frilled lizards
  A jackal zombie (D:6)
  7 kobolds
  4 kobold skeletons (Ossuary)
  A leopard gecko skeleton (D:8)
  5 orc skeletons (Ossuary)
  A quokka skeleton (D:4)
  8 rats
274 creatures vanquished.

Vanquished Creatures (collateral kills)
  An orc knight (Orc:2)
1 creature vanquished.

Vanquished Creatures (others)
  32 fungi
  36 plants
68 creatures vanquished.

Grand Total: 343 creatures vanquished

Notes
Turn   | Place    | Note
-------+----------+-------------------------------------------
     0 | D:1      | EnegeticOcto the Gnoll Venom Mage began the quest for the
                  | Orb.
     0 | D:1      | Reached XP level 1. HP: 13/13 MP: 6/6
    52 | D:1      | Reached skill level 2 in Transmutations
    71 | D:1      | Reached XP level 2. HP: 19/19 MP: 0/7
    91 | D:1      | Learned a level 2 spell: Poisonous Vapours
   306 | D:3      | Reached skill level 5 in Spellcasting
   306 | D:3      | Reached skill level 1 in Invocations
   306 | D:3      | Reached XP level 3. HP: 9/25 MP: 3/9
   319 | D:3      | Reached skill level 1 in Fighting
   319 | D:3      | Reached skill level 1 in Short Blades
   319 | D:3      | Reached skill level 1 in Long Blades
   319 | D:3      | Reached skill level 1 in Axes
   319 | D:3      | Reached skill level 1 in Maces & Flails
   319 | D:3      | Reached skill level 1 in Polearms
   319 | D:3      | Reached skill level 1 in Staves
   319 | D:3      | Reached skill level 1 in Slings
   319 | D:3      | Reached skill level 1 in Bows
   319 | D:3      | Reached skill level 1 in Crossbows
   319 | D:3      | Reached skill level 1 in Throwing
   319 | D:3      | Reached skill level 1 in Armour
   319 | D:3      | Reached skill level 1 in Shields
   319 | D:3      | Reached skill level 1 in Unarmed Combat
   319 | D:3      | Reached skill level 1 in Evocations
   390 | D:3      | Reached XP level 4. HP: 32/32 MP: 11/11
   690 | D:3      | Reached skill level 1 in Conjurations
   690 | D:3      | Reached skill level 1 in Hexes
   690 | D:3      | Reached skill level 1 in Summonings
   690 | D:3      | Reached skill level 1 in Necromancy
   690 | D:3      | Reached skill level 1 in Translocations
   690 | D:3      | Reached skill level 1 in Fire Magic
   690 | D:3      | Reached skill level 1 in Ice Magic
   690 | D:3      | Reached skill level 1 in Air Magic
   690 | D:3      | Reached skill level 1 in Earth Magic
   699 | D:3      | Learned a level 3 spell: Mephitic Cloud
   704 | D:3      | Learned a level 4 spell: Olgreb's Toxic Radiance
   708 | D:3      | Learned a level 3 spell: Ignite Poison
   736 | D:4      | Noticed Eustachio
   759 | D:4      | Killed Eustachio
   760 | D:4      | Reached skill level 2 in Invocations
   760 | D:4      | Reached XP level 5. HP: 31/38 MP: 0/12
   760 | D:4      | Reached XP level 6. HP: 36/44 MP: 0/13
   787 | D:4      | Noticed Natasha
   793 | D:4      | Killed Natasha
   821 | D:4      | Reached skill level 2 in Fighting
   821 | D:4      | Reached skill level 2 in Short Blades
   821 | D:4      | Reached skill level 2 in Long Blades
   821 | D:4      | Reached skill level 2 in Axes
   821 | D:4      | Reached skill level 2 in Maces & Flails
   821 | D:4      | Reached skill level 2 in Polearms
   821 | D:4      | Reached skill level 2 in Staves
   821 | D:4      | Reached skill level 2 in Slings
   821 | D:4      | Reached skill level 2 in Bows
   821 | D:4      | Reached skill level 2 in Crossbows
   821 | D:4      | Reached skill level 2 in Throwing
   821 | D:4      | Reached skill level 2 in Armour
   821 | D:4      | Reached skill level 5 in Dodging
   821 | D:4      | Reached skill level 2 in Shields
   821 | D:4      | Reached skill level 2 in Unarmed Combat
   821 | D:4      | Reached skill level 2 in Evocations
   828 | D:5      | Entered Level 5 of the Dungeon
   838 | D:5      | Found a glowing golden altar of the Shining One.
   952 | D:4      | Noticed Natasha
   958 | D:4      | Killed Natasha
  1091 | D:5      | Found a glowing silver altar of Zin.
  1099 | D:5      | Reached XP level 7. HP: 50/50 MP: 9/15
  1102 | D:5      | Found a shimmering altar of Xom.
  1110 | D:5      | Found a blossoming altar of Fedhas.
  1248 | D:6      | Noticed Pikel
  1249 | D:6      | Noticed Grinder
  1261 | D:6      | Reached skill level 2 in Conjurations
  1261 | D:6      | Reached skill level 2 in Hexes
  1261 | D:6      | Reached skill level 2 in Summonings
  1261 | D:6      | Reached skill level 2 in Necromancy
  1261 | D:6      | Reached skill level 2 in Translocations
  1261 | D:6      | Reached skill level 3 in Transmutations
  1261 | D:6      | Reached skill level 2 in Fire Magic
  1261 | D:6      | Reached skill level 2 in Ice Magic
  1261 | D:6      | Reached skill level 2 in Air Magic
  1261 | D:6      | Reached skill level 2 in Earth Magic
  1273 | D:6      | Reached skill level 5 in Stealth
  1273 | D:6      | Reached skill level 3 in Invocations
  1278 | D:6      | Reached skill level 6 in Poison Magic
  1278 | D:6      | Reached XP level 8. HP: 14/57 MP: 0/16
  1424 | D:6      | Reached skill level 3 in Fighting
  1424 | D:6      | Reached skill level 3 in Short Blades
  1424 | D:6      | Reached skill level 3 in Long Blades
  1424 | D:6      | Reached skill level 3 in Axes
  1424 | D:6      | Reached skill level 3 in Maces & Flails
  1424 | D:6      | Reached skill level 3 in Polearms
  1424 | D:6      | Reached skill level 3 in Staves
  1424 | D:6      | Reached skill level 3 in Slings
  1424 | D:6      | Reached skill level 3 in Bows
  1424 | D:6      | Reached skill level 3 in Crossbows
  1424 | D:6      | Reached skill level 3 in Throwing
  1424 | D:6      | Reached skill level 3 in Armour
  1424 | D:6      | Reached skill level 3 in Shields
  1424 | D:6      | Reached skill level 3 in Unarmed Combat
  1424 | D:6      | Reached skill level 3 in Evocations
  1493 | D:6      | Killed Pikel
  1494 | D:6      | Reached skill level 6 in Spellcasting
  1497 | D:6      | Noticed Mattiprrivan's ghost (novice DENe)
  1498 | D:6      | Found a runed translucent door.
  1536 | D:6      | Killed Grinder
  1537 | D:6      | Reached skill level 6 in Dodging
  1537 | D:6      | Reached skill level 3 in Conjurations
  1537 | D:6      | Reached skill level 3 in Hexes
  1537 | D:6      | Reached skill level 3 in Summonings
  1537 | D:6      | Reached skill level 3 in Necromancy
  1537 | D:6      | Reached skill level 3 in Translocations
  1537 | D:6      | Reached skill level 3 in Fire Magic
  1537 | D:6      | Reached skill level 3 in Ice Magic
  1537 | D:6      | Reached skill level 3 in Air Magic
  1537 | D:6      | Reached skill level 3 in Earth Magic
  1537 | D:6      | Reached skill level 4 in Invocations
  1558 | D:6      | Reached XP level 9. HP: 45/65 MP: 7/18
  1599 | D:6      | Found a sand-covered staircase.
  1608 | Ossuary  | Entered an ossuary
  1784 | D:4      | Noticed Blork the orc
  1790 | D:4      | Killed Blork the orc
  1791 | D:4      | Reached skill level 4 in Fighting
  1791 | D:4      | Reached skill level 4 in Short Blades
  1791 | D:4      | Reached skill level 4 in Long Blades
  1791 | D:4      | Reached skill level 4 in Axes
  1791 | D:4      | Reached skill level 4 in Maces & Flails
  1791 | D:4      | Reached skill level 4 in Polearms
  1791 | D:4      | Reached skill level 4 in Staves
  1791 | D:4      | Reached skill level 4 in Slings
  1791 | D:4      | Reached skill level 4 in Bows
  1791 | D:4      | Reached skill level 4 in Crossbows
  1791 | D:4      | Reached skill level 4 in Throwing
  1791 | D:4      | Reached skill level 4 in Armour
  1791 | D:4      | Reached skill level 4 in Shields
  1791 | D:4      | Reached skill level 4 in Unarmed Combat
  1791 | D:4      | Reached skill level 4 in Transmutations
  1791 | D:4      | Reached skill level 4 in Evocations
  1802 | D:4      | Noticed Natasha
  1805 | D:4      | Killed Natasha
  2442 | D:6      | Found a runed translucent door.
  2443 | D:6      | Noticed Crazy Yiuf
  2452 | D:6      | Killed Crazy Yiuf
  2493 | D:7      | Found a staircase to the Ecumenical Temple.
  2495 | D:7      | Noticed Prince Ribbit
  2499 | D:7      | Killed Prince Ribbit
  2500 | D:7      | Reached skill level 6 in Stealth
  2503 | Temple   | Entered the Ecumenical Temple
  2519 | Temple   | Became a worshipper of Cheibriados the Contemplative
  2656 | D:7      | Found Hewneune's Weapon Boutique.
  2768 | D:8      | Reached skill level 5 in Invocations
  2817 | D:8      | Reached * piety under Cheibriados
  2852 | D:9      | Found a staircase to the Orcish Mines.
  2882 | Orc:1    | Entered Level 1 of the Orcish Mines
  2889 | Orc:1    | Reached skill level 7 in Spellcasting
  2901 | Orc:1    | Reached skill level 4 in Conjurations
  2901 | Orc:1    | Reached skill level 4 in Hexes
  2901 | Orc:1    | Reached skill level 4 in Summonings
  2901 | Orc:1    | Reached skill level 4 in Necromancy
  2901 | Orc:1    | Reached skill level 4 in Translocations
  2901 | Orc:1    | Reached skill level 4 in Fire Magic
  2901 | Orc:1    | Reached skill level 4 in Ice Magic
  2901 | Orc:1    | Reached skill level 4 in Air Magic
  2901 | Orc:1    | Reached skill level 4 in Earth Magic
  2901 | Orc:1    | Reached XP level 10. HP: 22/73 MP: 9/20
  2944 | Orc:1    | Reached skill level 5 in Fighting
  2944 | Orc:1    | Reached skill level 5 in Short Blades
  2944 | Orc:1    | Reached skill level 5 in Long Blades
  2944 | Orc:1    | Reached skill level 5 in Axes
  2944 | Orc:1    | Reached skill level 5 in Maces & Flails
  2944 | Orc:1    | Reached skill level 5 in Polearms
  2944 | Orc:1    | Reached skill level 5 in Staves
  2944 | Orc:1    | Reached skill level 5 in Slings
  2944 | Orc:1    | Reached skill level 5 in Bows
  2944 | Orc:1    | Reached skill level 5 in Crossbows
  2944 | Orc:1    | Reached skill level 5 in Throwing
  2944 | Orc:1    | Reached skill level 5 in Armour
  2944 | Orc:1    | Reached skill level 5 in Shields
  2944 | Orc:1    | Reached skill level 5 in Unarmed Combat
  2944 | Orc:1    | Reached skill level 5 in Evocations
  2946 | Orc:1    | Noticed an orc knight
  2956 | Orc:1    | Killed an orc knight
  2957 | Orc:1    | Reached skill level 7 in Poison Magic
  2961 | Orc:1    | Reached skill level 7 in Dodging
  3010 | Orc:2    | Entered Level 2 of the Orcish Mines
  3039 | Orc:2    | Found a staircase to the Elven Halls.
  3052 | Orc:1    | Reached ** piety under Cheibriados
  3092 | Orc:1    | Found a frozen archway.
  3101 | Orc:1    | You fall into a shaft and drop 1 floor!
  3115 | Orc:2    | Noticed an orc sorcerer
  3119 | Orc:2    | Killed an orc sorcerer
  3120 | Orc:2    | Reached skill level 5 in Transmutations
  3131 | Orc:2    | Reached skill level 6 in Invocations
  3192 | Orc:2    | Reached skill level 7 in Stealth
  3205 | Orc:2    | Noticed a two-headed ogre
  3247 | Orc:2    | Noticed Exporg's ghost (journeyman FoFi)
  3248 | Orc:2    | Found a bloodstained altar of Trog.
  3256 | Orc:2    | Found a transporter.
  3263 | Orc:2    | Found a transporter.
  3267 | Orc:2    | Noticed a two-headed ogre
  3272 | Orc:2    | Noticed a moth of wrath
  3272 | Orc:2    | Identified the +1 glaive of Quem {vorpal, *Contam rC- rN+++
                  | Str+5}
  3272 | Orc:2    | Noticed an orc knight
  3352 | Orc:2    | Found Obloxt's Book Emporium.
  3352 | Orc:2    | Found Isiun's Assorted Antiques.
  3352 | Orc:2    | Found Modetsolergh's Jewellery Emporium.
  3352 | Orc:2    | Found Mier's Weapon Boutique.
  3352 | Orc:2    | Noticed an orc knight
  3352 | Orc:2    | Noticed an orc sorcerer
  3352 | Orc:2    | Noticed an orc high priest
  3352 | Orc:2    | Noticed an orc knight
  3352 | Orc:2    | Noticed an orc high priest
  3352 | Orc:2    | Noticed an orc high priest
  3352 | Orc:2    | Noticed an orc knight
  3352 | Orc:2    | Noticed an orc sorcerer
  3354 | Orc:2    | Noticed an orange demon
  3355 | Orc:2    | Killed an orc sorcerer
  3359 | Orc:2    | Killed an orc sorcerer
  3359 | Orc:2    | Noticed an orc sorcerer
  3360 | Orc:2    | Reached XP level 11. HP: 25/81 MP: 11/22
  3360 | Orc:2    | Killed an orc high priest
  3361 | Orc:2    | Reached skill level 6 in Fighting
  3361 | Orc:2    | Reached skill level 6 in Short Blades
  3361 | Orc:2    | Reached skill level 6 in Long Blades
  3361 | Orc:2    | Reached skill level 6 in Axes
  3361 | Orc:2    | Reached skill level 6 in Maces & Flails
  3361 | Orc:2    | Reached skill level 6 in Polearms
  3361 | Orc:2    | Reached skill level 6 in Staves
  3361 | Orc:2    | Reached skill level 6 in Slings
  3361 | Orc:2    | Reached skill level 6 in Bows
  3361 | Orc:2    | Reached skill level 6 in Crossbows
  3361 | Orc:2    | Reached skill level 6 in Throwing
  3361 | Orc:2    | Reached skill level 6 in Armour
  3361 | Orc:2    | Reached skill level 6 in Shields
  3361 | Orc:2    | Reached skill level 6 in Unarmed Combat
  3361 | Orc:2    | Reached skill level 5 in Conjurations
  3361 | Orc:2    | Reached skill level 5 in Hexes
  3361 | Orc:2    | Reached skill level 5 in Summonings
  3361 | Orc:2    | Reached skill level 5 in Necromancy
  3361 | Orc:2    | Reached skill level 5 in Translocations
  3361 | Orc:2    | Reached skill level 5 in Fire Magic
  3361 | Orc:2    | Reached skill level 5 in Ice Magic
  3361 | Orc:2    | Reached skill level 5 in Air Magic
  3361 | Orc:2    | Reached skill level 5 in Earth Magic
  3361 | Orc:2    | Reached skill level 6 in Evocations
  3361 | Orc:2    | Killed an orc knight
  3361 | Orc:2    | Killed an orc knight
  3361 | Orc:2    | Killed an orc high priest
  3361 | Orc:2    | Killed an orc high priest
  3362 | Orc:2    | Reached skill level 8 in Spellcasting
  3363 | Orc:2    | Killed an orc sorcerer
  3363 | Orc:2    | Reached *** piety under Cheibriados
  3364 | Orc:2    | Reached skill level 7 in Invocations
  3369 | Orc:2    | Reached skill level 8 in Dodging
  3383 | Orc:2    | Killed an orc knight
  3386 | Orc:2    | Bought an uncursed amulet of magic regeneration for 390
                  | gold pieces
  3394 | Orc:2    | Bought a papyrus book for 480 gold pieces
  3397 | Orc:2    | Learned a level 2 spell: Passwall
  3402 | Orc:2    | Learned a level 4 spell: Petrify
  3406 | Orc:2    | Learned a level 3 spell: Stone Arrow
  3412 | Orc:2    | Learned a level 5 spell: Lee's Rapid Deconstruction
  3441 | Orc:2    | Noticed an orc knight
  3477 | Orc:2    | Killed an orc knight
  3546 | Orc:2    | Noticed a two-headed ogre
  3647 | D:9      | Reached skill level 6 in Transmutations
  3653 | D:9      | Reached skill level 8 in Stealth
  3656 | D:9      | Reached **** piety under Cheibriados
  3670 | D:9      | Found a staircase to the Lair.
  3692 | D:9      | Found a roughly hewn altar of Beogh.
  3692 | D:9      | Found a transporter.
  3725 | D:9      | Reached skill level 8 in Poison Magic
  3729 | D:9      | Reached XP level 12. HP: 80/89 MP: 18/24
  3738 | D:9      | Found a transporter.
  3815 | Lair:1   | Entered Level 1 of the Lair of Beasts
  3884 | Lair:3   | Got a clouded tin ring
  3884 | Lair:3   | Identified the ring "Ufiysuiv" {rElec rPois rC- Will+} (You
                  | found it on level 3 of the Lair of Beasts)
  3888 | Lair:3   | Reached ***** piety under Cheibriados
  3889 | Lair:3   | Reached skill level 7 in Fighting
  3889 | Lair:3   | Reached skill level 7 in Short Blades
  3889 | Lair:3   | Reached skill level 7 in Long Blades
  3889 | Lair:3   | Reached skill level 7 in Axes
  3889 | Lair:3   | Reached skill level 7 in Maces & Flails
  3889 | Lair:3   | Reached skill level 7 in Polearms
  3889 | Lair:3   | Reached skill level 7 in Staves
  3889 | Lair:3   | Reached skill level 7 in Slings
  3889 | Lair:3   | Reached skill level 7 in Bows
  3889 | Lair:3   | Reached skill level 7 in Crossbows
  3889 | Lair:3   | Reached skill level 7 in Throwing
  3889 | Lair:3   | Reached skill level 7 in Armour
  3889 | Lair:3   | Reached skill level 7 in Shields
  3889 | Lair:3   | Reached skill level 7 in Unarmed Combat
  3889 | Lair:3   | Reached skill level 7 in Evocations
  3949 | Lair:3   | Reached skill level 6 in Conjurations
  3949 | Lair:3   | Reached skill level 6 in Hexes
  3949 | Lair:3   | Reached skill level 6 in Summonings
  3949 | Lair:3   | Reached skill level 6 in Necromancy
  3949 | Lair:3   | Reached skill level 6 in Translocations
  3949 | Lair:3   | Reached skill level 6 in Fire Magic
  3949 | Lair:3   | Reached skill level 6 in Ice Magic
  3949 | Lair:3   | Reached skill level 6 in Air Magic
  3949 | Lair:3   | Reached skill level 6 in Earth Magic
  3959 | Lair:3   | Found a staircase to the Snake Pit.
  3975 | Lair:3   | Noticed a five-headed hydra
  3983 | Lair:3   | HP: 1/91 [five-headed hydra (10)]
  3984 | Lair:3   | Slain by a five-headed hydra

Illustrated notes

Levels and vault maps discovered:
D:1:      zelgadis_glass_arrival_small, layout_basic
D:2:      layout_loops_corners, serial_rivers, chequers_serial_rivers_small_a,
          chequers_serial_rivers_micro_c, chequers_serial_rivers_micro_d,
          chequers_serial_rivers_marsh, okawaru_trees_1, uniq_sigmund
D:3:      corexii_shack_village, layout_basic
D:4:      layout_loops_cross, uniq_natasha, uniq_eustachio, uniq_blork_the_orc
D:5:      layout_loops_ring, tso_metal_star, minmay_overflow_temple_star_quad
D:6:      layout_basic, hellmonk_ghost_happy_afterlife, enter_ossuary_1,
          uniq_pikel, uniq_crazy_yiuf_cottage, uniq_grinder
D:7:      layout_cave_pods, temple_green, serial_shops, kennysheep_little_box,
          uniq_prince_ribbit1
D:8:      layout_basic, uniq_harold
D:9:      gammafunk_beogh_shrine, layout_basic,
          nicolae_qazlal_style_of_elements, due_lair_maze_entry_diamond,
          orc_0_dummy, corexii_hall_statues_i
Temple:   regret_index_temple_sphere_string
Lair:1:   layout_regular_city, serial_bayou_shore_b, serial_bayou_shore_b,
          lemuel_fruit_tree, grunt_megastairs_5, lemuel_fruit_fields,
          uniq_joseph, uniq_fannar
Lair:2:   layout_roguey, minmay_lair_oklob_chamber
Lair:3:   layout_roguey [special_room_bee], minmay_shoals_entry_beasts,
          guppyfry_snake_entry_island, basic_altar, uniq_snorg
Orc:1:    layout_caves, portal_ice_cave_entry_imps
Orc:2:    grunt_orc_tribal_feast, layout_diamond_mine,
          gammafunk_ghost_wrathful_warriors, nicolae_orc_lost_temple

Skill      XL: |  1  2  3  4  5  6  7  8  9 10 11 12 |
---------------+-------------------------------------+-----
Transmutations | 2 3 4 5 6 |  6.4
Spellcasting   | 5 6 7 8 |  8.9
Invocations    | 1 2 3 4 5 6 7 |  7.9
Fighting       | 1 2 3 4 5 6 7 |  7.2
Short Blades   | 1 2 3 4 5 6 7 |  7.2
Long Blades    | 1 2 3 4 5 6 7 |  7.2
Axes           | 1 2 3 4 5 6 7 |  7.2
Maces & Flails | 1 2 3 4 5 6 7 |  7.2
Polearms       | 1 2 3 4 5 6 7 |  7.2
Staves         | 1 2 3 4 5 6 7 |  7.2
Slings         | 1 2 3 4 5 6 7 |  7.2
Bows           | 1 2 3 4 5 6 7 |  7.2
Crossbows      | 1 2 3 4 5 6 7 |  7.2
Throwing       | 1 2 3 4 5 6 7 |  7.2
Armour         | 1 2 3 4 5 6 7 |  7.2
Shields        | 1 2 3 4 5 6 7 |  7.2
Unarmed Combat | 1 2 3 4 5 6 7 |  7.2
Evocations     | 1 2 3 4 5 6 7 |  7.2
Conjurations   | 1 2 3 4 5 6 |  6.0
Hexes          | 1 2 3 4 5 6 |  6.0
Summonings     | 1 2 3 4 5 6 |  6.0
Necromancy     | 1 2 3 4 5 6 |  6.0
Translocations | 1 2 3 4 5 6 |  6.0
Fire Magic     | 1 2 3 4 5 6 |  6.0
Ice Magic      | 1 2 3 4 5 6 |  6.0
Air Magic      | 1 2 3 4 5 6 |  6.0
Earth Magic    | 1 2 3 4 5 6 |  6.0
Dodging        | 5 6 7 8 |  8.6
Stealth        | 5 6 7 8 |  8.4
Poison Magic   | 6 7 8 |  8.2

Action                   |  1- 3 |  4- 6 |  7- 9 | 10-12 || total
-------------------------+-------+-------+-------+-------++-------
Melee: Rapier            |    25 |    47 |   183 |   149 ||   404
       Unarmed           |     4 |       |       |     7 ||    11
       Bite              |     1 |     4 |    14 |    25 ||    44
       Hand axe          |     1 |       |       |       ||     1
       Punch             |       |     2 |       |     5 ||     7
       Staff             |       |       |       |     3 ||     3
Throw: Boomerang         |     1 |       |    14 |    32 ||    47
 Cast: Sting             |    13 |    25 |       |       ||    38
       Poisonous Vapours |     3 |    14 |    24 |    29 ||    70
       Olgreb's Toxic Ra |       |     1 |    14 |    21 ||    36
       Ignite Poison     |       |     1 |     9 |    18 ||    28
       Mephitic Cloud    |       |       |     4 |       ||     4
       Petrify           |       |       |       |     9 ||     9
       Stone Arrow       |       |       |       |     2 ||     2
Evoke: Wand              |       |       |       |     8 ||     8
  Use: Scroll            |     6 |     4 |    17 |     8 ||    35
       Potion            |       |       |       |     3 ||     3
 Stab: Sleeping          |     1 |       |     3 |     2 ||     6
       Petrifying        |       |       |       |     2 ||     2
       Petrified         |       |       |       |     1 ||     1
Armor: Robe              |     5 |    18 |       |       ||    23
       Leather armour    |       |     1 |    46 |    31 ||    78
Dodge: Dodged            |    28 |    81 |   161 |   164 ||   434
